 Dungeon Crawl Stone Soup version 0.30-a0-634-g8abc85282e (webtiles) character file.

Game seed: 13242628251745984256

4 kae the Insei (level 1, 0/15 HPs)
             Began as a Demonspawn Transmuter on Jan 14, 2023.
             Slain by an adder (4 damage)
             ... on level 2 of the Dungeon.
             The game lasted 00:00:15 (235 turns).

kae the Insei (Demonspawn Transmuter)                Turns: 235, Time: 00:00:16

Health: 0/15       AC:  2    Str: 10    XL:     1   Next: 58%
Magic:  1/3        EV: 12    Int: 14    God:
Gold:   8          SH:  0    Dex: 13    Spells: 3/4 levels left

rFire   . . .      SeeInvis .      - Unarmed
rCold   . . .      Faith    .    (no shield)
rNeg    . . .      Spirit   .    a - +0 robe
rPois   .          Reflect  .    (helmet currently unavailable)
rElec   .          Harm     .    (no cloak)
rCorr   .          Rampage  .    (no gloves)
Will    .....                    (boots currently unavailable)
Stlth   +                        (no amulet)
HPRegen 0.22/turn                (no ring)
MPRegen 0.08/turn                (no ring)

@: lethally poisoned (0 -> -3), appendages
A: horns 2, talons 2
a: End Transformation


You were on level 2 of the Dungeon.
You had temporarily grown beastly horns and talons.
You visited 1 branch of the dungeon, and saw 2 of its levels.

You collected 8 gold pieces.


Innate Abilities, Weirdness & Mutations

You have temporarily grown beastly horns and talons.


   Skills:
 - Level 1.0 Fighting
 - Level 1.7 Dodging
 + Level 2.7 Unarmed Combat
 + Level 2.1 Spellcasting
 * Level 2.0 Transmutations


You had 3 spell levels left.
You knew the following spells:

 Your Spells              Type           Power      Damage    Failure   Level
a - Beastly Appendage     Tmut           14%        N/A       11%         1

Your spell library contained the following spells:

 Spells                   Type           Power      Damage    Failure   Level
 Wereblood                Tmut           7%         N/A       16%         2
 Spider Form              Tmut/Pois      4%         N/A       43%         3
 Ice Form                 Ice/Tmut       4%         N/A       83%         4

Inventory:

Armour
 a - a +0 robe (worn)
Magical Staves
 f - a staff of earth {!a}
   (You found it on level 2 of the Dungeon)
Scrolls
 e - a scroll of enchant armour {unknown}
Potions
 b - a potion of lignification {!q}
 c - a potion of berserk rage {unknown}
 d - a potion of heal wounds {unknown}

Dungeon Overview and Level Annotations

Branches:
Dungeon (2/15) Zot: 11765

Altars:

..>......
#.......#
#.......#
#.......#
#....[..#
#.......#
#.......#
#S......#
#@......#
######.......#
#...)........#
#............#
#.........####
###########


You could see an adder.


Message History

You grow a pair of large bovine horns.
Your feet morph into talons. 😎 MP[-1]
You lost 1 mp, and now have 1/3 mp.
You hit the endoplasm. You headbutt the endoplasm.
You kill the endoplasm!
No target in view!
Your magical contamination has completely faded away.
No target in view!
No target in view!
Your transformation is almost over.
Your horns disappear.
Your talons disappear.
Key pressed, stopping explore.
e - a scroll labelled LIATA WEAPNAEC 😎 MP[+2]
Your mp is fully restored (3).
A ball python comes into view.
A sourceless malevolence fills the Dungeon...
You fall into a shaft and drop 1 floor!
The shaft crumbles and collapses.
Found a ring mail and a gnarled glowing staff.
Found an escape hatch in the floor.
A goblin comes into view. It is wielding a +0 dagger.
A goblin is nearby!
A goblin is nearby!
The goblin shouts!
Casting: Beastly Appendage (safe; 11% risk of failure)
Confirm with . or Enter, or press ? or * to list all spells.
You grow a pair of large bovine horns.
Your feet morph into talons.
The goblin hits you but does no damage. 😎 MP[-1]
You lost 1 mp, and now have 2/3 mp.
You barely miss the goblin. Your kick misses the goblin.
You hit the goblin but do no damage. Your kick misses the goblin.
The goblin hits you with a +0 dagger. 😮 HP[-4]
You take 4 damage, and now have 11/15 hp.
MASSIVE DAMAGE!! (PAUSE)
A goblin is nearby!
You closely miss the goblin.
Your transformation is almost over.
The goblin closely misses you.
You hit the goblin. You headbutt the goblin.
You kill the goblin!
Your Transmutations skill increases to level 2! 😕 HP[+1] No target in view!
No target in view!
No target in view!
No target in view!
Unknown command.
f - a staff of earth {!a} Unknown command.
Your horns disappear.
Your talons disappear.
An adder comes into view. 😕 HP[+2] MP[+1]
You regained 2 hp, and now have 14/15 hp.
Your mp is fully restored (3).
Unknown command.
An adder is nearby!
An adder is nearby!
The adder hisses angrily.
Casting: Beastly Appendage (safe; 11% risk of failure)
Confirm with . or Enter, or press ? or * to list all spells.
You miscast Beastly Appendage.
You are very lightly contaminated with residual magic.
Nothing appears to happen. 😕 MP[-1]
You lost 1 mp, and now have 2/3 mp.
You miss the adder. The adder bites you.
You hit the adder but do no damage. The adder bites you. 😮 HP[-3]
You take 3 damage, and now have 11/15 hp.
An adder is nearby!
You barely miss the adder. The adder bites you but does no damage.
The adder misses you.
You closely miss the adder. The adder misses you.
An adder is nearby!
You hit the adder. The adder closely misses you.
You barely miss the adder. You punch the adder. The adder bites you.
An adder is nearby!
Unknown command.
You hit the adder. The adder bites you.
* * * LOW HITPOINT WARNING * * *
Your magical contamination has completely faded away.
You are too injured to fight recklessly! 😨 HP[-4]
You take 4 damage, and now have 7/15 hp.
MASSIVE DAMAGE!! (PAUSE)
Casting: Beastly Appendage (safe; 11% risk of failure)
Confirm with . or Enter, or press ? or * to list all spells.
You grow a pair of large bovine horns.
Your feet morph into talons.
The adder bites you.
* * * LOW HITPOINT WARNING * * *
The adder bites you.
* * * LOW HITPOINT WARNING * * *
You are poisoned.
The adder poisons you!
* * * LOW HITPOINT WARNING * * *
You feel sick. The adder bites you.
You die...

Skill      XL: |  1 |
---------------+----+-----
Transmutations | 2 |  2.0
Fighting       | |  1.0
Dodging        | |  1.7
Unarmed Combat | |  2.7
Spellcasting   | |  2.1

Action                   || total
-------------------------++-------
Melee: Unarmed           ||    17
       Kick              ||     3
       Headbutt          ||     3
       Punch             ||     1
 Cast: Beastly Appendage ||     5
Armor: Robe              ||     3
Dodge: Dodged            ||     7

Levels and vault maps discovered:
D:1:      psy_arrival_fountain, layout_basic, serial_shops,
          nicolae_shop_temple_entry_statues_fountains,
          shapermc_ecumenical_altar_gd
D:2:      layout_basic

Notes
Turn   | Place    | Note
-------+----------+-------------------------------------------
     0 | D:1      | kae the Demonspawn Transmuter began the quest for the Orb.
     0 | D:1      | Reached XP level 1. HP: 15/15 MP: 3/3
     0 | D:1      | magus.rc [v1.11.3]
   204 | D:1      | You fall into a shaft and drop 1 floor!
   215 | D:2      | Reached skill level 2 in Transmutations
   235 | D:2      | Slain by an adder

Vanquished Creatures
  An endoplasm (D:1)
  A goblin (D:2)
  A hobgoblin (D:1)
  A frilled lizard (D:1)
4 creatures vanquished.

Table legend:
 A = Non-vault XP
 B = Vault XP
 C = Vault XP percentage of total XP
 D = Non-vault monster count
 E = Vault monster count
 F = Vault count percentage of total count
                 A         B        C        D         E       F
            +---------+---------+-------+---------+---------+-------
      Total |       7 |       0 |   0.0 |       4 |       0 |   0.0
            +---------+---------+-------+---------+---------+-------
        D:1 |       5 |       0 |   0.0 |       3 |       0 |   0.0
        D:2 |       2 |       0 |   0.0 |       1 |       0 |   0.0
            +---------+---------+-------+---------+---------+-------

Illustrated notes

Table legend:
 A = Kills in this place as a percentage of kills in entire the game.
 B = Kills by you in this place as a percentage of kills by you in the entire game.
 C = Kills by friends in this place as a percentage of kills by friends in the entire game.
 D = Other kills in this place as a percentage of other kills in the entire game.
 E = Experience gained in this place as a percentage of experience gained in the entire game.
 F = Experience gained in this place divided by the number of levels of this place that you have seen.
                   A       B       C       D       E      F
               +-------+-------+-------+-------+-------+----------------------
         Total | 100.0 | 100.0 |   N/A |   N/A | 100.0 |   3.5
       Dungeon | 100.0 | 100.0 |   N/A |   N/A | 100.0 |   3.5
               +-------+-------+-------+-------+-------+----------------------

Table legend: (Time is in decaauts)
 A = Elapsed time spent in this place.
 B = Non-inter-level travel time spent in this place.
 C = Inter-level travel time spent in this place.
 D = Time resting spent in this place.
 E = Time spent auto-exploring this place.
 F = Levels seen in this place.
 G = Mean time per level.
                   A        B        C        D        E       F      G
               +--------+--------+--------+--------+--------+-----+--------+
         Total |    233 |    233 |      0 |      0 |    185 |   2 |  116.5 |
       Dungeon |    233 |    233 |      0 |      0 |    185 |   2 |  116.5 |
               +--------+--------+--------+--------+--------+-----+--------+

Top non-repeatable levels by time:
     D:1: 203 daAuts
     D:2: 30 daAuts
